 Dungeon Crawl Stone Soup version 0.30.2 (webtiles) character file.

Game seed: 888141326459494676

574 Ashen the Magician (level 7, 0/76 HPs)
             Began as a Gnoll Hedge Wizard on Jan 29, 2024.
             Was an Initiate of Sif Muna.
             Succumbed to Ijyb's poison
             ... on level 5 of the Dungeon.
             The game lasted 00:11:44 (4651 turns).

Ashen the Magician (Gnoll Hedge Wizard)             Turns: 4651, Time: 00:11:44

Health: 0/76       AC:  4    Str: 10    XL:     7   Next: 35%
Magic:  18/18      EV: 13    Int: 15    God:    Sif Muna [......]
Gold:   171        SH:  0    Dex: 11    Spells: 15/21 levels left

rFire   . . .        n - +2 short sword (venom)
rCold   . . .        (no shield)
rNeg    . . .        b - +0 robe
rPois   .            x - +0 helmet
rElec   .            f - +0 cloak
rCorr   .            (no gloves)
SInv    .            (no boots)
Will    .....        (no amulet) Stlth
                     B - ring of wizardry
HPRegen 0.32/turn    (no ring)
MPRegen 0.16/turn

%: wizardry (x1)
@: berserking, lethally poisoned (0 -> -25), very quick
A: fangs 1, strong nose, distributed training
a: Renounce Religion


You were on level 5 of the Dungeon.
You worshipped Sif Muna.
Sif Muna was noncommittal.
You visited 2 branches of the dungeon, and saw 6 of its levels.

You collected 171 gold pieces.

Inventory:

Hand Weapons
 n - a +2 short sword of venom (weapon)
Missiles
 q - 2 poisoned darts
Armour
 b - a +0 robe (worn)
 f - a +0 cloak (worn)
 x - a +0 helmet (worn)
Jewellery
 B - a ring of wizardry (left hand)
Wands
 u - a wand of mindburst (9)
Scrolls
 c - a scroll of acquirement {unknown}
 e - 2 scrolls of poison {unknown}
 h - a scroll of immolation {unknown}
 l - 3 scrolls of identify {unknown}
 m - a scroll of teleportation {unknown}
 t - a scroll of fog {unknown}
 v - a scroll of vulnerability {unknown}
 y - a scroll of butterflies {unknown}
Potions
 a - a potion of ambrosia {unknown}
 d - a potion of magic
 i - 2 potions of berserk rage
 j - 2 potions of curing {unknown}
 k - a potion of might {unknown}
 o - 2 potions of heal wounds {unknown}
 p - a potion of flight {unknown}
 r - a potion of invisibility {unknown}
 s - 2 potions of lignification {unknown}
 w - a potion of degeneration {unknown}
 z - a potion of cancellation {unknown}
 A - 2 potions of mutation {unknown}


   Skills:
 + Level 2.5 Fighting
 + Level 2.5 Short Blades
 + Level 2.5 Long Blades
 + Level 2.5 Axes
 + Level 2.5 Maces & Flails
 + Level 2.5 Polearms
 + Level 2.5 Staves
 + Level 2.5 Ranged Weapons
 + Level 2.5 Throwing
 + Level 2.5 Armour
 + Level 5.2 Dodging
 + Level 4.9 Stealth
 + Level 2.5 Shields
 + Level 2.5 Unarmed Combat
 + Level 7.6 Spellcasting
 + Level 3.0 Conjurations
 + Level 2.0 Hexes
 + Level 3.0 Summonings
 + Level 2.0 Necromancy
 + Level 3.0 Translocations
 + Level 2.0 Transmutations
 + Level 2.0 Fire Magic
 + Level 2.0 Ice Magic
 + Level 2.0 Air Magic
 + Level 2.0 Earth Magic
 + Level 2.0 Poison Magic
 + Level 2.8 Invocations
 + Level 2.5 Evocations


You had 15 spell levels left.
You knew the following spells:

 Your Spells              Type           Power      Damage    Failure   Level
a - Magic Dart            Conj           56%        1d5       1%          1
b - Blink                 Tloc           28%        N/A       2%          2
c - Mephitic Cloud        Conj/Pois/Air  12%        N/A       6%          3

Your spell library contained the following spells:

 Spells                   Type           Power      Damage    Failure   Level
 Slow                     Hex            48%        N/A       2%          1
 Call Imp                 Summ           28%        N/A       2%          2
 Cigotuvi's Dreadful Rot  Necr/Pois/Air  24%        N/A       3%          2
 Animate Dead             Necr           12%        N/A       21%         4
 Haunt                    Necr/Summ      6%         N/A       100%        7
 Infestation              Necr           6%         N/A       100%        8


Dungeon Overview and Level Annotations

Branches:
Dungeon (5/15)             Temple (1/1) D:4

Altars:
Cheibriados
Dithmenos
Elyvilon
Fedhas
Gozag
Hepliaklqana
Kikubaaqudgha
Makhleb
Nemelex Xobeh
Okawaru
Qazlal
Ru
Sif Muna
Trog
Uskayaw
Wu Jian
Xom
Yredelemnul
Zin
The Shining One

Shops:
D:1 :   D:4 *

Annotations:
D:5 Ijyb


Innate Abilities, Weirdness & Mutations

You have very sharp teeth.
Your uncanny sense of smell can sniff out nearby items.
Your experience applies equally to all skills.


Message History

Your will is overpowered!
You are more confused.
There is a stone staircase leading up here.
Ijyb zaps a wand.
You resist with some effort.
Ijyb zaps a wand.
You resist with some effort.
Ijyb zaps a wand.
You resist with some effort.
You bump into the rock wall.
Ijyb zaps a wand.
Your will is overpowered!
You are more confused.
The now-empty wand crumbles to dust.
Ijyb hits you with a +4 dagger of venom.
You are poisoned.
You're too confused to cast spells.
You feel very sick. Ijyb misses you.
There is a stone staircase leading up here.
You feel sick.
Ijyb hits you with a +4 dagger of venom.
You're too confused to move!
You feel sick.
Ijyb hits you with a +4 dagger of venom.
You are more poisoned.
Ijyb attacks as you move away!
Ijyb hits you with a +4 dagger of venom!
You are lethally poisoned!
* * * LOW HITPOINT WARNING * * *
You feel extremely sick.
It was a potion of berserk rage.
A red film seems to cover your vision as you go berserk!
You feel yourself moving faster!
You feel mighty!
* * * LOW HITPOINT WARNING * * *
You feel very sick.
Ijyb hits you with a +4 dagger of venom.
* * * LOW HITPOINT WARNING * * *
You feel a strong urge to attack something.
* * * LOW HITPOINT WARNING * * *
You feel sick.
Ijyb hits you with a +4 dagger of venom!
* * * LOW HITPOINT WARNING * * *
You are more poisoned.
There is a stone staircase leading up, spattered with blood here.
You feel less confused.
You die...

#..#.............
#..#.............
#..#.............
###..#.............
#....#........#####
#....#.^......#
##.g.#........#
#..<.# #.@..#
#....# #.#+## #. #.
∆ ∆ #. #. ##


You could see Ijyb.

Vanquished Creatures
  A steam dragon (D:4)
  A centaur (D:5)
  An ogre (D:4)
  A jelly (D:4)
  2 orc priests (D:3)
  An iguana (D:5)
  An orc wizard (D:3)
  6 adders
  14 orcs
  A bat skeleton (D:2)
  6 endoplasms
  2 giant cockroaches
  7 goblins
  9 hobgoblins
  2 jackals (D:3)
  5 quokkas
  3 ball pythons
  4 bats
  2 frilled lizards
  10 kobolds
  A quokka zombie (D:2)
  5 rats
85 creatures vanquished.

Notes
Turn   | Place    | Note
-------+----------+-------------------------------------------
     0 | D:1      | Ashen the Gnoll Hedge Wizard began the quest for the Orb.
     0 | D:1      | Reached XP level 1. HP: 13/13 MP: 8/8
   240 | D:1      | Reached XP level 2. HP: 19/19 MP: 8/10
   750 | D:1      | Found Kozeisask's Vocational Training.
   954 | D:1      | Reached XP level 3. HP: 25/25 MP: 5/11
  1119 | D:2      | Learned a level 2 spell: Blink
  1123 | D:2      | Learned a level 3 spell: Mephitic Cloud
  1702 | D:2      | Reached skill level 1 in Invocations
  1929 | D:2      | Reached skill level 1 in Fighting
  1929 | D:2      | Reached skill level 1 in Short Blades
  1929 | D:2      | Reached skill level 1 in Long Blades
  1929 | D:2      | Reached skill level 1 in Axes
  1929 | D:2      | Reached skill level 1 in Maces & Flails
  1929 | D:2      | Reached skill level 1 in Polearms
  1929 | D:2      | Reached skill level 1 in Staves
  1929 | D:2      | Reached skill level 1 in Ranged Weapons
  1929 | D:2      | Reached skill level 1 in Throwing
  1929 | D:2      | Reached skill level 1 in Armour
  1929 | D:2      | Reached skill level 1 in Shields
  1929 | D:2      | Reached skill level 1 in Unarmed Combat
  1929 | D:2      | Reached skill level 1 in Evocations
  2087 | D:2      | Reached XP level 4. HP: 31/32 MP: 5/13
  2282 | D:3      | Reached skill level 1 in Hexes
  2282 | D:3      | Reached skill level 1 in Necromancy
  2282 | D:3      | Reached skill level 1 in Transmutations
  2282 | D:3      | Reached skill level 1 in Fire Magic
  2282 | D:3      | Reached skill level 1 in Ice Magic
  2282 | D:3      | Reached skill level 1 in Air Magic
  2282 | D:3      | Reached skill level 1 in Earth Magic
  2282 | D:3      | Reached skill level 1 in Poison Magic
  2534 | D:3      | Reached XP level 5. HP: 23/37 MP: 2/14
  2880 | D:3      | Found a bloodstained altar of Trog.
  2963 | D:3      | Identified the +7 hand axe of Woe {drain, +Blink}
  3154 | D:4      | Found an opulent altar of Gozag.
  3156 | D:4      | Found Gozag's Platinum Reserve.
  3222 | D:4      | Noticed a steam dragon
  3405 | D:4      | Noticed an ogre
  3420 | D:4      | Killed an ogre
  3421 | D:4      | Reached skill level 5 in Dodging
  3421 | D:4      | Reached XP level 6. HP: 20/44 MP: 9/16
  3528 | D:4      | Found a staircase to the Ecumenical Temple.
  3537 | Temple   | Entered the Ecumenical Temple
  3850 | Temple   | Became a worshipper of Sif Muna the Loreminder
  3920 | D:4      | Killed a steam dragon
  3993 | D:4      | Reached XP level 7. HP: 50/50 MP: 11/18
  4272 | D:5      | Entered Level 5 of the Dungeon
  4632 | D:5      | Noticed Ijyb
  4651 | D:5      | Succumbed to Ijyb's poison

Illustrated notes

Levels and vault maps discovered:
D:1:      lightli_arrival_statuegarden, layout_rooms, serial_corexii_hall,
          corexii_hall_statues_i, chequers_hall_statues_wall_a,
          corexii_hall_statues_l, corexii_hall_statues_l,
          nicolae_shop_vocational
D:2:      layout_basic, serial_undead, serial_undead_b, serial_undead_b,
          serial_undead_f, serial_undead_f, minmay_puff
D:3:      layout_basic, nicolae_overflow_hidden_temple
D:4:      layout_rooms, nicolae_gozag_zags_fifth_avenue, temple_hall
D:5:      layout_gridville, uniq_ijyb
Temple:   dpeg_five_rooms_temple

Skill      XL: |  1  2  3  4  5  6  7 |
---------------+----------------------+-----
Conjurations   | 2 3 |  3.0
Summonings     | 2 3 |  3.0
Translocations | 2 3 |  3.0
Invocations    | 1 2 |  2.8
Fighting       | 1 2 |  2.5
Short Blades   | 1 2 |  2.5
Long Blades    | 1 2 |  2.5
Axes           | 1 2 |  2.5
Maces & Flails | 1 2 |  2.5
Polearms       | 1 2 |  2.5
Staves         | 1 2 |  2.5
Ranged Weapons | 1 2 |  2.5
Throwing       | 1 2 |  2.5
Armour         | 1 2 |  2.5
Shields        | 1 2 |  2.5
Unarmed Combat | 1 2 |  2.5
Evocations     | 1 2 |  2.5
Hexes          | 1 2 |  2.0
Necromancy     | 1 2 |  2.0
Transmutations | 1 2 |  2.0
Fire Magic     | 1 2 |  2.0
Ice Magic      | 1 2 |  2.0
Air Magic      | 1 2 |  2.0
Earth Magic    | 1 2 |  2.0
Poison Magic   | 1 2 |  2.0
Dodging        | 5 |  5.2
Stealth        | |  4.9
Spellcasting   | |  7.6

Action                     |  1- 3 |  4- 6 |  7- 9 || total
---------------------------+-------+-------+-------++-------
  Melee: Dagger            |    23 |       |       ||    23
         Short sword       |    19 |    48 |    10 ||    77
         Bite              |     1 |     3 |       ||     4
         Punch             |       |     1 |     1 ||     2
  Throw: Dart              |     3 |     2 |       ||     5
   Cast: Magic Dart        |    81 |   100 |    28 ||   209
         Blink             |     1 |     1 |       ||     2
         Mephitic Cloud    |       |     2 |     1 ||     3
    Use: Potion            |       |       |     1 ||     1
   Stab: Sleeping          |       |     2 |       ||     2
         Confused          |       |     3 |       ||     3
 Armour: Robe              |     9 |     9 |     3 ||    21
  Dodge: Dodged            |    37 |    27 |    11 ||    75
